 Dungeon Crawl Stone Soup version 0.14-a0-1361-g0512ea0 (webtiles) character file.

186 Psiweapon the Covered (level 4, 0/29 HPs)
             Began as a Gargoyle Fighter on Dec 7, 2013.
             Killed from afar by Grinder (8 damage)
             ... with a wand of frost
             ... on Level 3 of the Dungeon.
             The game lasted 00:06:03 (1891 turns).

Psiweapon the Covered (Gargoyle Fighter)            Turns: 1891, Time: 00:06:04

HP   0/29        AC 13     Str 20      XL: 4   Next: 97%
MP   4/4         EV  6     Int  9      God:
Gold 72          SH 28     Dex  9      Spells:  0 memorised,  3 levels left

rFire  . . .     SeeInvis .     a - +0 mace
rCold  . . .     Clarity  .     w - +1 dwarf ring mail
rNeg   + . .     Conserve .     q - +0 large shield
rPois  +         rCorr    .     (no helmet)
rElec  +         rRot     +     (no cloak)
SustAb . .       Spirit   .     l - +1 pair of gloves
rMut   .         Warding  .     (no boots)
Saprov . . .     Stasis   .     (no amulet)
                                (no ring)
                                (no ring)

@: slightly resistant to hostile enchantments, extremely unstealthy
A: life protection 1, electricity resistance, unbreathing, petrification
resistance, AC +3
a: no special abilities


You were on level 3 of the Dungeon.
You were not hungry.

You visited 1 branch of the dungeon, and saw 3 of its levels.

You collected 72 gold pieces.

Inventory:

Hand weapons
 a - a +0,+0 mace (weapon)
Missiles
 e - 37 stones (quivered)
 x - 33 sling bullets
Armour
 b - a +0 scale mail
 c - a +0 shield
 l - a +1 pair of gloves (worn)
 q - a +0 large shield (worn)
 w - a +1 dwarven ring mail (worn)
Comestibles
 d - a bread ration
 f - a meat ration
 i - an apple
Scrolls
 g - a scroll of amnesia {unknown}
 h - a scroll of curse weapon {unknown}
 j - a scroll of remove curse
 m - a scroll of immolation
 s - a scroll of identify
 u - a scroll of blinking {unknown}
 v - a scroll of magic mapping {unknown}
Potions
 n - a potion of brilliance
 o - a potion of flight
 t - a potion of agility
Books
 r - a book of Debilitation

   Spells                             Type                      Level
   Corona                             Hexes                        1
   Slow                               Hexes                        2
   Inner Flame                        Hexes/Fire                   3
   Enslavement                        Hexes                        4
   Cause Fear                         Hexes                        4
   Leda's Liquefaction                Hexes/Earth                  4


   Skills:
 + Level 4.0 Fighting
 + Level 2.9 Maces & Flails
 + Level 4.3 Armour
 * Level 4.3 Shields


You had 3 spell levels left.
You didn't know any spells.

Dungeon Overview and Level Annotations

Branches:
Dungeon (3/16)

Altars:

Annotations:
D:3 Grinder


Innate Abilities, Weirdness & Mutations

You are resistant to torment.
You are immune to poison.
Your stone body is very resilient (AC +3).
You resist negative energy.
You are resistant to electric shocks.
You can survive without breathing.
You are immune to petrification.


Message History

Grinder gestures at you.
You suddenly lose the ability to move!
Grinder gestures at you. Pain shoots through your body!
* * * LOW HITPOINT WARNING * * *
You can move again.
Your shield and ring mail prevent you from hitting Grinder.
Grinder is lightly wounded.
Grinder zaps a wand.
The puff of frost hits you!
* * * LOW HITPOINT WARNING * * *
You block Grinder's attack.
Drink which item? (? for menu, Esc to quit)
You feel better. Grinder gestures at you. Pain shoots through your body!
* * * LOW HITPOINT WARNING * * *
You hit Grinder.
Grinder is lightly wounded.
Grinder zaps a wand.
The puff of frost hits you!
You die...

#.# #.# .
#%# .#
#.# .#
#<# .#
#.# .#
#.###.##
#.##...#
#.@5...#
####...#
#.#.#
#....#
#...|..#
.........
#..(...##
#....#.#
#.#.##.


You could see Grinder.

Vanquished Creatures
  5 adders (D:2)
  2 giant mites (D:3)
  A worm (D:2)
  3 oozes (D:2)
  7 giant cockroaches
  5 hobgoblins
  8 kobolds
  A quokka (D:2)
  A ball python (D:2)
  6 bats
  A giant newt (D:2)
  7 goblins
  6 rats (D:1)
53 creatures vanquished.

Notes
Turn   | Place    | Note
--------------------------------------------------------------
     0 | D:1      | Psiweapon, the Gargoyle Fighter, began the quest for the Orb.
     0 | D:1      | Reached XP level 1. HP: 14/14 MP: 1/1
   179 | D:1      | Reached XP level 2. HP: 19/19 MP: 2/2
   868 | D:2      | Reached XP level 3. HP: 23/23 MP: 3/3
   981 | D:2      | Reached skill level 4 in Armour
  1085 | D:2      | Reached XP level 4. HP: 26/29 MP: 4/4
  1864 | D:3      | Noticed Grinder
  1866 | D:3      | Paralysed by Grinder for 3 turns
  1887 | D:3      | Paralysed by Grinder for 2 turns
  1891 | D:3      | Killed from afar by Grinder

Action                   |  1- 3 |  4- 6 || total
-------------------------+-------+-------++-------
Melee: Mace              |   133 |   114 ||   247
Throw: Stone             |     3 |     4 ||     7
  Use: Scroll            |       |     6 ||     6
       Potion            |       |     2 ||     2
